 Dungeon Crawl Stone Soup version 0.30-a0-778-g2ef04afb54 (webtiles) character file.

Game seed: 15014232962218085161

731 bande the Chopper (level 7, -9/44 HPs)
             Began as a Gargoyle Fighter on Feb 15, 2023.
             Was an Initiate of Okawaru.
             Killed by divine providence
             ... invoked by an orc priest
              (11 damage)
             ... on level 5 of the Dungeon.
             The game lasted 00:05:46 (4477 turns).

bande the Chopper (Gargoyle Fighter)                Turns: 4477, Time: 00:05:47

Health: -9/44      AC: 18    Str: 20    XL:     7   Next: 73%
Magic:  7/7        EV: 12    Int:  8    God:    Okawaru [......]
Gold:   288        SH:  5    Dex: 11    Spells: 6/6 levels left

rFire   . . .      SeeInvis .    a - +0 war axe
rCold   . . .      Faith    .    c - +0 buckler
rNeg    + . .      Spirit   .    i - +0 chain mail
rPois   ∞          Reflect  .    w - +0 helmet
rElec   +          Harm     .    (no cloak)
rCorr   .          Rampage  .    n - +1 pair of gloves
Will    .....                    (no boots) Stlth
                                 (no amulet)
HPRegen 0.27/turn                j - +5 ring of evasion
MPRegen 0.10/turn                (no ring)

@: no status effects
A: sickness immunity, AC +4, negative energy resistance 1, electricity
resistance, torment resistance 1, petrification resistance
a: Renounce Religion


You were on level 5 of the Dungeon.
You worshipped Okawaru.
Okawaru was noncommittal.
You visited 2 branches of the dungeon, and saw 6 of its levels.

You collected 288 gold pieces.

Inventory:

Hand Weapons
 a - a +0 war axe (weapon)
 u - a +0 flail
Armour
 c - a +0 buckler (worn)
 i - a +0 chain mail (worn)
 n - a +1 pair of gloves (worn)
 w - a +0 helmet (worn)
Jewellery
 e - an amulet of magic regeneration
 j - a +5 ring of evasion (left hand)
Wands
 m - a wand of roots (11)
 t - a wand of polymorph (9)
Scrolls
 b - a scroll of amnesia {unknown}
 f - 4 scrolls of teleportation {unknown}
 g - 4 scrolls of identify {unknown}
 r - a scroll of magic mapping {unknown}
 s - a scroll of enchant weapon {unknown}
 v - a scroll of fog {unknown}
 x - a scroll of blinking {unknown}
Potions
 d - a potion of might
 h - 3 potions of curing {unknown}
 k - a potion of degeneration {unknown}
 l - 2 potions of lignification {unknown}
 o - 2 potions of heal wounds {unknown}
 p - a potion of attraction {unknown}
 q - a potion of invisibility {unknown}


   Skills:
 + Level 4.9 Fighting
 + Level 5.3 Axes
 + Level 4.9 Armour
 + Level 4.4 Shields
 * Level 0.7 Invocations
 * Level 2.0 Evocations


You had 6 spell levels left.
You didn't know any spells.
Your spell library contained the following spells:

 Spells                   Type           Power      Damage    Failure   Level
 Beastly Appendage        Tmut           0%         N/A       99%         1
 Freeze                   Ice            0%         1d3       99%         1
 Blink                    Tloc           0%         N/A       100%        2
 Lesser Beckoning         Tloc           0%         N/A       100%        2
 Momentum Strike          Conj/Tloc      0%         3d8       100%        2
 Wereblood                Tmut           0%         N/A       100%        2
 Dazzling Flash           Conj/Hex       0%         N/A       100%        3
 Frozen Ramparts          Ice            0%         1d1       100%        3
 Hailstorm                Conj/Ice       0%         3d3       100%        3
 Spider Form              Tmut/Pois      0%         N/A       100%        3
 Agony                    Necr           0%         N/A       100%        5
 Fireball                 Conj/Fire      0%         3d3       100%        5
 Iskenderun's Battlesphe  Conj           0%         2d6       100%        5
 Silence                  Hex/Air        0%         N/A       100%        5
 Conjure Ball Lightning   Conj/Air       0%         3x3d6     100%        6
 Orb of Destruction       Conj           0%         9d5       100%        7


Dungeon Overview and Level Annotations

Branches:
Dungeon (5/15)             Temple (1/1) D:4

Altars:
Ashenzari
Cheibriados
Dithmenos
Fedhas
Gozag
Kikubaaqudgha
Makhleb
Okawaru
Qazlal
Ru
Vehumet
Wu Jian
Zin

Shops:
D:2 ?   D:4 (


Innate Abilities, Weirdness & Mutations

You are immune to sickness and miasma.
Your stone body is resilient. (AC +4)
You are immune to poison.
You resist negative energy. (rN+)
You are resistant to electric shocks. (rElec)
You are resistant to unholy torment.
You are immune to petrification.


Message History

The iguana bites you!
An orc comes into view. It is wielding a +0 dagger.
The orc wizard gestures wildly while chanting.
The orc wizard flickers and vanishes!
Deactivating autopickup; reactivate with Ctrl-A.
The iguana bites you but does no damage.
You hit the iguana but do no damage.
The iguana is almost dead.
The iguana hisses menacingly.
The iguana bites you but does no damage.
You closely miss the iguana.
The iguana is almost dead.
The orc priest invokes the aid of Beogh against you.
Beogh smites you! You block the iguana's attack.
You are too injured to fight recklessly!
You are too injured to fight recklessly!
You are too injured to fight recklessly!
You are too injured to fight recklessly!
You are too injured to fight recklessly!
You are too injured to fight recklessly!
You are too injured to fight recklessly!
You are too injured to fight recklessly!
The iguana attacks as you move away! The iguana misses you.
The iguana attacks as you move away!
The iguana bites you but does no damage.
The orc priest calls down the wrath of Beogh upon you.
Beogh smites you!
* * * LOW HITPOINT WARNING * * *
The iguana attacks as you move away!
The iguana bites you but does no damage.
The iguana attacks as you move away!
The iguana bites you but does no damage.
The orc priest invokes the aid of Beogh against you.
Beogh smites you!
* * * LOW HITPOINT WARNING * * *
You closely miss the iguana.
The iguana is almost dead.
The orc priest mumbles some strange prayers to Beogh against you.
Beogh smites you!
You die...

###......###..#.=
#.....o####....!..
#....)............
#....#o#####......
#....#.######.....
#....#.....#......
#.................
####.....l........
#.....@<.......
##..............
##............<..
#................
#................
####......#.....#
#..............
########.......
###...


You could see an iguana and an orc priest.

Vanquished Creatures
  3 ogres
  2 phantoms
  A kobold brigand (D:4)
  Jessica (D:2)
  An iguana (D:5)
  3 orc wizards
  A gnoll (D:1)
  4 adders
  2 worms
  2 dart slugs
  3 orcs
  6 endoplasms
  4 giant cockroaches
  10 hobgoblins
  4 jackals (D:1)
  A quokka (D:1)
  4 ball pythons
  4 bats
  3 frilled lizards
  5 goblins
  11 kobolds
  7 rats
82 creatures vanquished.

Notes
Turn   | Place    | Note
-------+----------+-------------------------------------------
     0 | D:1      | bande the Gargoyle Fighter began the quest for the Orb.
     0 | D:1      | Reached XP level 1. HP: 14/14 MP: 1/1
   164 | D:1      | Reached XP level 2. HP: 18/19 MP: 2/2
   355 | D:1      | Reached skill level 2 in Axes
   355 | D:1      | Reached XP level 3. HP: 12/24 MP: 3/3
   436 | D:1      | Found a faded altar of an unknown god.
   931 | D:2      | Noticed Jessica
   945 | D:2      | Killed Jessica
   946 | D:2      | Reached XP level 4. HP: 16/29 MP: 4/4
  1515 | D:2      | Found Adwaorphe's Magic Scroll Emporium.
  1912 | D:3      | Identified the +11 rapier "Wecsax" {venom, Str+3}
  2038 | D:3      | Reached skill level 3 in Axes
  2038 | D:3      | Reached XP level 5. HP: 10/33 MP: 5/5
  2256 | D:3      | Noticed a phantom
  2272 | D:3      | Killed a phantom
  2467 | D:3      | Found a faded altar of an unknown god.
  2471 | D:3      | Found a glowing silver altar of Zin.
  2611 | D:4      | Reached XP level 6. HP: 39/39 MP: 6/6
  2704 | D:4      | Found Nulits's Antique Weapon Shoppe.
  3110 | D:4      | Reached skill level 4 in Axes
  3423 | D:4      | Found a staircase to the Ecumenical Temple.
  3437 | D:4      | Reached skill level 1 in Evocations
  3437 | D:4      | Reached XP level 7. HP: 44/44 MP: 7/7
  3450 | Temple   | Entered the Ecumenical Temple
  3976 | D:4      | Reached skill level 5 in Axes
  4117 | D:4      | Found an iron altar of Okawaru.
  4122 | D:4      | Became a worshipper of Warmaster Okawaru
  4405 | D:5      | Entered Level 5 of the Dungeon
  4472 | D:5      | HP: 1/44 [orc priest/divine providence (10)]
  4477 | D:5      | Killed from afar by an orc priest

Illustrated notes

Levels and vault maps discovered:
D:1:      saegor_arrival_simple_d, layout_loops_ring,
          chequers_ecumenical_altar_lobes, corexii_hall_statues_i
D:2:      layout_loops_ring, serial_shops, nicolae_shop_crystal,
          minmay_hedge_maze, uniq_jessica
D:3:      layout_loops_ring, nicolae_overflow_ecumenical_swirl
D:4:      layout_layer_cave, kennysheep_little_box,
          minmay_temple_entry_large_hall, serial_shops, shop
D:5:      layout_rooms, grunt_temple_overflow_open, grunt_ministairs_3
Temple:   bh_familiar_temple

Skill      XL: |  1  2  3  4  5  6  7 |
---------------+----------------------+-----
Axes           | 2 3 4 5 |  5.3
Fighting       | 4 |  4.9
Armour         | 4 |  4.9
Shields        | 4 |  4.4
Evocations     | 1 2 |  2.0
Invocations    | |  0.7

Action                     |  1- 3 |  4- 6 |  7- 9 || total
---------------------------+-------+-------+-------++-------
  Melee: War axe           |    88 |   189 |    42 ||   319
 Armour: Scale mail        |    45 |       |       ||    45
         Chain mail        |    13 |   117 |    12 ||   142
  Dodge: Dodged            |    55 |   100 |    19 ||   174
  Block: Buckler           |    24 |    35 |     6 ||    65

Table legend: (Time is in decaauts)
 A = Elapsed time spent in this place.
 B = Non-inter-level travel time spent in this place.
 C = Inter-level travel time spent in this place.
 D = Time resting spent in this place.
 E = Time spent auto-exploring this place.
 F = Levels seen in this place.
 G = Mean time per level.
                   A        B        C        D        E       F      G
               +--------+--------+--------+--------+--------+-----+--------+
         Total |   4601 |   4487 |    114 |    679 |   2885 |   6 |  766.8 |
       Dungeon |   4406 |   4292 |    114 |    679 |   2721 |   5 |  881.2 |
        Temple |    194 |    194 |      0 |      0 |    164 |   1 |  194.0 |
               +--------+--------+--------+--------+--------+-----+--------+

Top non-repeatable levels by time:
     D:4: 1686 daAuts
     D:3: 961 daAuts
     D:1: 932 daAuts
     D:2: 750 daAuts
  Temple: 194 daAuts
     D:5: 76 daAuts
